 Dungeon Crawl Stone Soup version 0.27.1-1-g398f81649c (webtiles) character file.

Game seed: 2553149918064341512

8732 mainiacjoe the Summoner (level 11, -4/77 HPs)
             Began as a Human Summoner on Sept 9, 2021.
             Was a Priest of Hepliaklqana.
             Killed from afar by a hell hog (30 damage)
             ... with a fireball
             ... in a volcano.
             The game lasted 00:47:47 (15776 turns).

mainiacjoe the Summoner (Human Summoner)           Turns: 15776, Time: 00:47:47

Health: -4/77      AC: 16    Str:  8    XL:     11   Next: 61%
Magic:  0/14       EV: 19    Int: 19    God:    Hepliaklqana [***...]
Gold:   539        SH:  7    Dex: 14    Spells: 1/14 levels left

rFire    . . .     SeeInvis .   a - +0 trident
rCold    + . .     Faith    .   T - +2 buckler {reflect}
rNeg     . . .     Spirit   +   t - +2 leather armour {rC+}
rPois    .         Reflect  +   v - +2 hat
rElec    .         Harm     .   B - +2 cloak
rCorr    .         Rampage  .   N - +2 pair of gloves
Will     .....                  o - +2 pair of boots
Stlth    ++........             D - amulet of guardian spirit
HPRegen  0.22/turn              f - +4 ring of slaying
MPRegen  0.14/turn              W - +4 ring of evasion {=R}

@: about to teleport
A: reduced essence
a: Renounce Religion, Recall Ancestor, Ancestor Identity, Transference


You were in a volcano.
You worshipped Hepliaklqana.
Hepliaklqana was most pleased with you.
You visited 3 branches of the dungeon, and saw 15 of its levels.
You also visited: Volcano.

You collected 761 gold pieces.
You spent 222 gold pieces at shops.

Inventory:

Hand Weapons
 a - a +0 trident (weapon)
 b - a +1 hunting sling of flaming
Missiles
 h - 23 poisoned darts
 p - 215 stones
 q - 8 boomerangs (quivered)
 x - 32 sling bullets
 E - 3 throwing nets {=F}
 P - a curare-tipped dart {=F}
Armour
 o - a +2 pair of boots (worn)
 t - a +2 leather armour of cold resistance (worn)
 v - a +2 hat (worn)
 B - a +2 cloak (worn)
 N - a +2 pair of gloves (worn)
 T - a +2 buckler of reflection (worn)
Magical Staves
 w - a staff of poison {!a}
Jewellery
 f - a +4 ring of slaying (left hand)
 D - an amulet of guardian spirit (around neck)
 W - a +4 ring of evasion (right hand) {=R}
Wands
 c - a wand of polymorph (15)
 F - a wand of iceblast (25)
 L - a wand of acid (13)
 O - a wand of charming (10)
 U - a wand of digging (7)
Scrolls
 j - 3 scrolls of fog
 k - 3 scrolls of teleportation
 u - a scroll of vulnerability
 G - 2 scrolls of silence
 V - a scroll of enchant armour
Potions
 e - a potion of lignification
 g - 2 potions of brilliance
 l - 2 potions of invisibility
 m - 2 potions of resistance
 r - 2 potions of haste
 z - a potion of mutation {unknown}
 C - a potion of berserk rage {unknown}
 H - a potion of degeneration {unknown}
 J - a potion of magic
 K - a potion of might {unknown}
Miscellaneous
 R - a lightning rod (4/4)


   Skills:
 + Level 8.2 Fighting
 + Level 8.5 Dodging
 - Level 2.0 Stealth
 - Level 4.0 Shields
 - Level 2.0 Spellcasting
 - Level 12.0 Summonings
 - Level 4.0 Air Magic


You had one spell level left.
You knew the following spells:

 Your Spells              Type           Power      Damage    Failure   Level
a - Summon Small Mammal   Summ           100%       N/A       1%          1
b - Call Imp              Summ           47%        N/A       1%          2
c - Call Canine Familiar  Summ           47%        N/A       1%          3
d - Summon Lightning Spi  Summ/Air       32%        N/A       9%          4
e - Summon Guardian Gole  Hex/Summ       24%        N/A       6%          3

Your spell library contained the following spells:

 Spells                   Type           Power      Damage    Failure   Level
 Sublimation of Blood     Necr           0%         N/A       36%         2
 Petrify                  Tmut/Erth      1%         N/A       94%         4
 Irradiate                Conj/Tmut      0%         3d13      100%        5


Dungeon Overview and Level Annotations

Branches:
Dungeon (13/15)            Temple (1/1) D:7            Lair (1/6) D:9
    Orc (0/2) D:10        Volcano (1/1)
 Vaults: D:13-14

Altars:
Ashenzari
Cheibriados
Dithmenos
Elyvilon
Fedhas
Gozag
Hepliaklqana
Kikubaaqudgha
Makhleb
Nemelex Xobeh
Okawaru
Qazlal
Ru
Sif Muna
Trog
Uskayaw
Vehumet
Wu Jian
Xom
Yredelemnul
Zin
The Shining One

Shops:
D:10 [   D:12 *

Annotations:
D:10 exclusion: upstairs, Snorg
D:11 Fannar


Message History

The hell hog breathes fire at you.
The fireball explodes!
The fireball engulfs you!!
* * * LOW HITPOINT WARNING * * *
The fireball engulfs the fire bat.
The fire bat completely resists.
The fireball engulfs the fire bat.
The fire bat completely resists.
You feel much better. You block the fire bat's attack. x2
The fire bat bites you but does no damage.
Okay, then.
Aiming: Iceblast
Press: ? - help, Shift-Dir - straight line Really fire at your lightning spire?
The mass of ice explodes!
The iceblast engulfs the fire bat!
The fire bat is frozen!
The fire bat is heavily wounded.
The iceblast engulfs the hell hog!
The hell hog is moderately wounded.
The iceblast engulfs your lightning spire.
Your lightning spire partially resists.
Your lightning spire is heavily damaged.
The iceblast engulfs the fire bat!!
The fire bat is frozen!
You kill the fire bat!
Your lightning spire disappears in a puff of smoke!
The fire bat bites you.
You are engulfed in flames!
You block the fire bat's attack.
Aiming: Iceblast
Press: ? - help, Shift-Dir - straight line, f - hell hog
Aim: a hell hog (lightly wounded)
The mass of ice explodes!
The iceblast engulfs the hell hog!
The hell hog is heavily wounded.
You hear an angry hiss.
The fire bat barely misses you. The fire bat completely misses you.
A fire bat comes into view.
The hell hog bites you but does no damage.
As you read the scroll of teleportation, it crumbles to dust.
You feel strangely unstable. The fire bat bites you.
You are engulfed in flames.
The hell hog closely misses you. You block the fire bat's attack.
The fire bat closely misses you. The hell hog breathes fire at you.
The fireball explodes!
The fireball engulfs you!!
You die...

.....§....###
......§≈≈§≈§≈.§.....
#.....≈§≈≈≈≈≈§§§§...###
#.....≈≈§≈§≈≈§≈≈§§....#
#...≈≈≈§§≈≈≈≈≈≈§....##
#....≈≈≈≈≈§≈§§≈≈≈....#
#...≈≈≈≈≈≈b≈≈.....#
#...§§.≈≈§b....###
#.........@.b...## ##
#...##..###.h###.##§§##
#..###### #### ##.≈§b≈#
##.## #bb≈○☼# ####.#
))§§§§§# ##≈≈.###
##.$§≈§§# #≈≈.∩..##
$D∩.§§≈# #≈≈≈....#
§§§§≈≈## ##≈≈.§∩##
§§§§≈≈#


You could see a hell hog (catching breath) and 3 fire bats.

Vanquished Creatures
  A catoblepas (D:9)
  Prince Ribbit (D:8)
  A wraith (D:10)
  A fire bat (Volcano)
  2 yaks
  A sky beast (D:5)
  An orc warrior (D:8)
  A wolf (D:10)
  A centaur (D:10)
  A phantom (D:4)
  4 bullfrogs
  2 scorpions
  3 howler monkeys
  A centaur zombie (D:9)
  A bullfrog zombie (D:7)
  A jelly (D:5)
  An orc priest (D:9)
  2 bullfrog skeletons (D:6)
  An iguana (D:5)
  A hexer (Volcano)
  A gnoll (D:5)
  5 adders
  3 white imps
  An ufetubus (D:5)
  A worm (D:3)
  4 dart slugs
  7 orcs
  2 ball pythons
  8 bats
  7 endoplasms
  2 giant cockroaches
  4 goblins
  4 hobgoblins
  3 jackals (D:4)
  A frilled lizard (D:3)
  3 kobolds
  A rat (D:3)
85 creatures vanquished.

Vanquished Creatures (collateral kills)
  Josephine (D:10)
  2 two-headed ogres (D:8)
  2 cyclopes
  A komodo dragon (Lair:1)
  5 slime creatures (D:12)
  3 wyverns
  A yak (D:9)
  4 wraiths (D:10)
  2 fire bats (Volcano)
  Grum (D:10)
  A vampire (D:9)
  A basilisk (D:9)
  2 water moccasins
  3 orc warriors
  2 necrophages
  2 ogres
  2 wolves (D:10)
  7 centaurs
  A kobold brigand (D:9)
  3 scorpions
  2 gnoll sergeants
  3 bullfrogs
  A water moccasin zombie (D:6)
  A wight (D:9)
  9 killer bees
  2 howler monkeys (D:9)
  3 centaur zombies
  3 hounds
  A gnoll shaman (D:5)
  An orc priest (D:7)
  A bullfrog skeleton (D:6)
  Crazy Yiuf (D:5)
  3 iguanas
  2 orc wizards
  A killer bee zombie (D:8)
  2 howler monkey zombies
  9 gnolls
  6 adders
  A howler monkey skeleton (D:5)
  A white imp (D:6)
  An ufetubus (D:4)
  An adder skeleton (D:5)
  2 dart slugs
  16 orcs
  A ball python (D:3)
  3 bats
  2 endoplasms
  4 goblins
  7 hobgoblins
  A jackal (D:3)
  A frilled lizard (D:3)
  8 kobolds
  A rat (D:2)
147 creatures vanquished.

Vanquished Creatures (others)
  A steam dragon (Volcano)
  4 hexers
  6 ancestors
  A demonic plant (D:3)
  33 fungi
  4 plants (D:9)
49 creatures vanquished.

Grand Total: 281 creatures vanquished

Notes
Turn   | Place    | Note
-------+----------+-------------------------------------------
     0 | D:1      | mainiacjoe the Human Summoner began the quest for the Orb.
     0 | D:1      | Reached XP level 1. HP: 13/13 MP: 3/3
   924 | D:1      | Reached XP level 2. HP: 14/19 MP: 1/5
   927 | D:1      | Learned a level 2 spell: Call Imp
  1458 | D:2      | Reached XP level 3. HP: 15/24 MP: 6/6
  1462 | D:2      | Learned a level 3 spell: Call Canine Familiar
  1959 | D:2      | Reached skill level 5 in Summonings
  2595 | D:3      | Reached XP level 4. HP: 12/30 MP: 3/7
  2927 | D:3      | Noticed a rust devil
  2928 | D:3      | Found a faded altar of an unknown god.
  3396 | D:3      | Noticed a necrophage
  3902 | D:3      | Killed a necrophage
  3903 | D:3      | Reached skill level 6 in Summonings
  3903 | D:3      | Reached XP level 5. HP: 23/35 MP: 1/8
  4944 | D:4      | Reached XP level 6. HP: 41/41 MP: 1/9
  5077 | D:4      | Reached skill level 7 in Summonings
  5231 | D:4      | Noticed an ogre
  5244 | D:4      | Killed an ogre
  5482 | D:4      | Found a shimmering altar of Xom.
  5542 | D:4      | Found a broken altar of Ashenzari.
  5674 | D:5      | Entered Level 5 of the Dungeon
  5685 | D:5      | Noticed a sky beast
  5705 | D:5      | Killed a sky beast
  5706 | D:5      | Reached skill level 8 in Summonings
  5706 | D:5      | Reached XP level 7. HP: 46/46 MP: 1/10
  6452 | D:5      | Found a runed translucent door.
  6453 | D:5      | Noticed Crazy Yiuf
  6479 | D:5      | Killed Crazy Yiuf
  6609 | D:5      | Learned a level 4 spell: Summon Lightning Spire
  6882 | D:5      | Reached skill level 9 in Summonings
  6939 | D:5      | Reached skill level 1 in Air Magic
  6955 | D:4      | Reached XP level 8. HP: 31/52 MP: 3/11
  7715 | D:6      | Reached skill level 1 in Shields
  8220 | D:6      | Found a glowing golden altar of the Shining One.
  9063 | D:7      | Reached skill level 10 in Summonings
  9116 | D:7      | Found a burning altar of Makhleb.
  9122 | D:7      | Identified the +2 robe of Joxiuw {Str+4}
  9150 | D:7      | Found a sacrificial altar of Ru.
  9157 | D:7      | Reached XP level 9. HP: 35/57 MP: 4/12
  9281 | D:7      | Found a staircase to the Ecumenical Temple.
  9314 | Temple   | Entered the Ecumenical Temple
  9373 | Temple   | Became a worshipper of Hepliaklqana the Forgotten
  9760 | D:7      | Found a shadowy altar of Dithmenos.
 10166 | D:8      | Noticed a two-headed ogre
 10282 | D:8      | Noticed a two-headed ogre
 10290 | D:8      | Killed a two-headed ogre
 10445 | D:8      | Reached * piety under Hepliaklqana
 10460 | D:8      | Noticed Prince Ribbit
 10549 | D:8      | Killed a two-headed ogre
 10550 | D:8      | Reached skill level 11 in Summonings
 10761 | D:8      | Found an ornate altar of the Wu Jian Council.
 10859 | D:8      | Found an ancient bone altar of Kikubaaqudgha.
 11089 | D:8      | Killed Prince Ribbit
 11287 | D:8      | Noticed a cyclops
 11298 | D:8      | Killed a cyclops
 11299 | D:8      | Reached skill level 12 in Summonings
 11299 | D:8      | Reached skill level 1 in Fighting
 11299 | D:8      | Reached XP level 10. HP: 59/59 MP: 1/13
 11704 | D:9      | Noticed a catoblepas
 11733 | D:9      | Killed a catoblepas
 11734 | D:9      | Reached skill level 5 in Dodging
 12226 | D:9      | Reached skill level 5 in Fighting
 12331 | D:9      | Found a staircase to the Lair.
 12434 | D:9      | Reached ** piety under Hepliaklqana
 12435 | D:9      | Remembered your ancestor Horbaq as a hexer
 12440 | D:9      | Learned a level 3 spell: Summon Guardian Golem
 13093 | D:10     | Entered Level 10 of the Dungeon
 13171 | D:10     | Found Fouguymn's Armour Emporium.
 13173 | D:10     | Found a staircase to the Orcish Mines.
 13175 | D:10     | Found Mesoq's Weapon Emporium.
 13175 | D:10     | Noticed Snorg
 13479 | D:10     | Reached XP level 11. HP: 72/72 MP: 14/14
 13858 | D:10     | Bought a +2 buckler of reflection for 222 gold pieces
 13976 | D:10     | Noticed Josephine
 13992 | D:10     | Killed Josephine
 14100 | D:10     | You fall into a shaft and drop 3 floors!
 14100 | D:13     | Noticed a deep elf pyromancer
 14109 | D:12     | Found Unoptuse's Gadget Gallery.
 14291 | D:12     | Noticed a cyclops
 14311 | D:12     | Killed a cyclops
 14646 | D:11     | Noticed Fannar
 14717 | D:10     | Reached *** piety under Hepliaklqana
 14762 | D:10     | Noticed Grum
 14783 | D:10     | Killed Grum
 15325 | D:10     | Found a hide-covered altar of Uskayaw.
 15512 | Lair:1   | Entered Level 1 of the Lair of Beasts
 15519 | Lair:1   | Found a dark tunnel.
 15722 | Volcano  | Entered a volcano
 15744 | Volcano  | Noticed a hell hog
 15776 | Volcano  | Killed from afar by a hell hog

Illustrated notes

Levels and vault maps discovered:
D:1:      dpeg_arrival_fog, layout_basic
D:2:      layout_loops_ring
D:3:      minmay_razor_zed, layout_basic,
          dreamdust_ecumenical_altar_sealed_demon
D:4:      layout_loops_ring, amcnicky_altar_gilded, kennysheep_little_box,
          grunt_ministairs_15
D:5:      old_forge, layout_basic, minmay_misc_feat_tower,
          kennysheep_generic_room_9, uniq_crazy_yiuf_cottage
D:6:      layout_loops_corners, tso_altar
D:7:      layout_basic, mainiacjoe_overflow_catwalk,
          nicolae_dithmenos_through_a_glass_darkly, bloody_makhleb,
          minmay_temple_entry_offerings
D:8:      layout_loops_ring, mainiacjoe_overflow_chevrons,
          pdpol_wu_jian_five_deadly_venoms, uniq_prince_ribbit1
D:9:      minmay_opposing_rooms, layout_cave_pools, dpeg_oklobed_lair,
          serial_column_ruins, column_ruins_grid_1,
          column_ruins_corridor_corner, column_ruins_columns_straight,
          column_ruins_grid_1, column_ruins_open_tiny, column_ruins_grid_3,
          kennysheep_generic_room_11
D:10:     layout_basic, mainiacjoe_overflow_alcove_4, orc_david_3,
          uniq_josephine, uniq_grum, uniq_snorg
D:11:     layout_roguey, uniq_erica, uniq_psyche, uniq_fannar, uniq_harold
D:12:     layout_basic, special_room [special_room_orc], nicolae_shop_gadgets,
          uniq_nergalle
D:13:     layout_loops_ring, gammafunk_ghost_arena, uniq_erolcha, uniq_maurice
Temple:   nicolae_temple_god_jail
Lair:1:   layout_gridlike, nicolae_volcano_entry_lava_flow
Volcano:  volcano_pools

Skill      XL: |  1  2  3  4  5  6  7  8  9 10 11 |
---------------+----------------------------------+-----
Summonings     | 5 6 8 9 10 12 | 12.0
Air Magic      | 1 3 4 |  4.0
Shields        | 3 4 |  4.0
Fighting       | 1 6 8 |  8.2
Dodging        | 6 8 |  8.5
Stealth        | |  2.0
Spellcasting   | |  2.0

Action                   |  1- 3 |  4- 6 |  7- 9 | 10-12 || total
-------------------------+-------+-------+-------+-------++-------
Melee: Flail             |    63 |     1 |   115 |       ||   179
       Unarmed           |     2 |       |       |       ||     2
       Trident           |       |       |     6 |   150 ||   156
 Fire: Hunting sling     |       |   106 |   181 |    44 ||   331
Throw: Stone             |    39 |     1 |       |       ||    40
       Boomerang         |       |       |    27 |    24 ||    51
 Cast: Summon Small Mamm |    25 |     2 |     2 |     1 ||    30
       Call Imp          |    12 |    20 |    26 |    12 ||    70
       Call Canine Famil |     1 |    11 |    25 |    18 ||    55
       Summon Lightning  |       |       |    10 |    26 ||    36
       Summon Guardian G |       |       |       |     3 ||     3
Invok: Ancestor Identity |       |       |     1 |       ||     1
       Recall Ancestor   |       |       |       |     3 ||     3
       Ancestor Life: He |       |       |       |     1 ||     1
Evoke: Wand              |       |       |       |     5 ||     5
  Use: Scroll            |     1 |     1 |     4 |    12 ||    18
       Potion            |       |       |       |     3 ||     3
 Stab: Sleeping          |     1 |       |     1 |       ||     2
       Distracted        |       |       |       |     4 ||     4
Armor: Robe              |    16 |     4 |       |       ||    20
       Leather armour    |       |    20 |   128 |    77 ||   225
Dodge: Dodged            |    50 |    26 |   174 |   154 ||   404
Block: Buckler           |       |       |    34 |    58 ||    92
